 Dungeon Crawl Stone Soup version 0.29-a0-506-ga2e7fffb44 (webtiles) character file.

Game seed: 6921856801045978928

77956 dolemite99 the Agent of Entropy (level 15, -2/146 HPs)
             Began as a Troll Abyssal Knight on May 29, 2022.
             Was a Priest of Lugonu.
             Slain by Agnes
             ... wielding a +0 antimagic lajatang
              (13 damage)
             ... on level 14 of the Dungeon.
             The game lasted 00:39:03 (29290 turns).

dolemite99 the Agent of Entropy (TrAK)             Turns: 29290, Time: 00:39:04

Health: -2/146     AC: 22    Str: 31    XL:     15   Next: 16%
Magic:  0/23       EV: 11    Int:  8    God:    Lugonu [***...]
Gold:   1479       SH: 11    Dex: 10    Spells: 14/14 levels left

rFire   + . .      SeeInvis +     - Unarmed
rCold   . . .      Faith    +   Y - +2 kite shield {AC+3}
rNeg    . . .      Spirit   .   S - +0 shadow dragon scales
rPois   .          Reflect  .   U - +0 hat of Whack-A-Mole {rF+ SInv}
rElec   .          Harm     .   P - +1 cloak of Ysiwemu {Int+2}
rCorr   .          Rampage  .   (gloves unavailable)
Will    ++...                   (boots unavailable)
Stlth   ++........              z - amulet of faith
HPRegen 1.14/turn               d - ring of willpower {=R}
MPRegen 0.18/turn               b - +4 ring of evasion

@: mighty
A: large, unfitting armour, claws 3, regeneration 1, shaggy fur 1, tough skin 1
a: Renounce Religion, Depart the Abyss, Bend Space, Banish


You were on level 14 of the Dungeon.
You worshipped Lugonu.
Lugonu was most pleased with you.
You visited 3 branches of the dungeon, and saw 22 of its levels.
You visited the Abyss 2 times.

You collected 2980 gold pieces.
You spent 1501 gold pieces at shops.

Inventory:

Hand Weapons
 y - a +0 short sword
Missiles
 j - 21 large rocks (quivered)
 k - 686 stones
 r - 32 poisoned darts
 t - a throwing net
 G - 5 datura-tipped darts
 L - 7 atropa-tipped darts
 N - a javelin
 O - 6 curare-tipped darts
 V - 24 boomerangs
 W - a silver boomerang
Armour
 P - the +1 cloak of Ysiwemu (worn) {Int+2}
   (You found it on level 2 of the Orcish Mines)

   Int:       It affects your intelligence (+2).
 S - +0 shadow dragon scales (worn)
 U - the +0 hat of Whack-A-Mole (worn) {rF+ SInv}
   (You found it on level 2 of the Orcish Mines)

   rF:        It protects you from fire.
   SInv:      It lets you see invisible.
 Y - a +2 kite shield of protection (worn)
Magical Staves
 w - a staff of fire
Jewellery
 b - a +4 ring of evasion (right claw)
 c - a +6 ring of dexterity
 d - a ring of willpower (left claw) {=R}
 g - a ring of protection from cold
 h - a ring of resist corrosion
 p - a ring of poison resistance
 z - an amulet of faith (around neck)
Wands
 a - a wand of polymorph (2)
 u - a wand of iceblast (22)
 x - a wand of charming (4)
 C - a wand of paralysis (7)
 D - a wand of mindburst (20)
 R - a wand of digging (3)
 X - a wand of flame (10)
Scrolls
 f - 4 scrolls of noise
 l - 5 scrolls of magic mapping
 m - 9 scrolls of teleportation
 n - 3 scrolls of poison
 o - 5 scrolls of enchant weapon
 q - 8 scrolls of identify {@r1}
 s - 2 scrolls of silence
 B - 2 scrolls of fog
 F - a scroll of fear
Potions
 e - a potion of resistance
 v - 2 potions of might
 A - 3 potions of attraction
 E - 4 potions of brilliance {unknown}
 H - a potion of cancellation {unknown}
 I - a potion of invisibility {unknown}
 J - 3 potions of lignification {unknown}
 K - 6 potions of curing
 M - 9 potions of ambrosia
 Q - 2 potions of haste


   Skills:
 - Level 9.3 Fighting
 * Level 8.1 Throwing
 - Level 7.3 Armour
 - Level 4.0 Dodging
 - Level 8.6 Shields
 - Level 12.0 Unarmed Combat
 - Level 12.4 Invocations
 - Level 7.0 Evocations


You had 14 spell levels left.
You didn't know any spells.
Your spell library contained the following spells:

 Spells                   Type           Power      Damage    Failure   Level
 Beastly Appendage        Tmut           0%         N/A       98%         1
 Freeze                   Ice            0%         1d3       98%         1
 Magic Dart               Conj           0%         1d3       98%         1
 Sandblast                Erth           0%         2d4       98%         1
 Blink                    Tloc           0%         N/A       99%         2
 Passwall                 Tmut/Erth      0%         N/A       99%         2
 Searing Ray              Conj           0%         2d4       99%         2
 Static Discharge         Conj/Air       0%         N/A       99%         2
 Wereblood                Tmut           0%         N/A       99%         2
 Frozen Ramparts          Ice            0%         1d2       100%        3
 Ignite Poison            Fire/Tmut/Pois 0%         N/A       100%        3
 Ozocubu's Armour         Ice            0%         N/A       100%        3
 Spider Form              Tmut/Pois      0%         N/A       100%        3
 Stone Arrow              Conj/Erth      0%         3d7       100%        3
 Animate Armour           Summ/Erth      0%         N/A       100%        4
 Cause Fear               Hex            0%         N/A       100%        4
 Dispel Undead            Necr           0%         3d6       100%        4
 Fulminant Prism          Conj/Hex       0%         3d6       100%        4
 Hailstorm                Conj/Ice       0%         3d3       100%        4
 Ice Form                 Ice/Tmut       0%         N/A       100%        4
 Iskenderun's Mystic Bla  Conj/Tloc      0%         2d3       100%        4
 Sticky Flame             Conj/Fire      0%         2d3       100%        4
 Summon Ice Beast         Ice/Summ       0%         N/A       100%        4
 Lee's Rapid Deconstruct  Erth           0%         3d5*      100%        5
 Manifold Assault         Tloc           0%         N/A       100%        5
 Summon Mana Viper        Hex/Summ       0%         N/A       100%        5
 Yara's Violent Unravell  Hex/Tmut       0%         3d3       100%        5
 Dragon Form              Tmut           0%         N/A       100%        7
 Malign Gateway           Summ/Tloc      0%         N/A       100%        7
 Monstrous Menagerie      Summ           0%         N/A       100%        7
 Ozocubu's Refrigeration  Ice            0%         4d5       100%        7
 Storm Form               Tmut/Air       0%         N/A       100%        7
 Dragon's Call            Summ           0%         N/A       100%        9


Dungeon Overview and Level Annotations

Branches:
Dungeon (14/15)            Temple (0/1) D:5            Lair (6/6) D:11
 Shoals (0/4) Lair:4        Snake (0/4) Lair:3        Slime (0/5) Lair:5
    Orc (2/2) D:12            Elf (0/3) Orc:2        Vaults (0/5) D:13

Altars:
Ashenzari
Elyvilon
Gozag
Kikubaaqudgha
Makhleb
Nemelex Xobeh
Okawaru
Qazlal
Ru
Trog
Uskayaw
Vehumet
Xom
The Shining One
Lugonu

Shops:
D:3 (   D:8 *(   D:12 [   Orc:2 (*==

Portals:
Abyss: Lair:6

Annotations:
D:14 Agnes, Frances
Lair:2 corrupted, exclusion: oklob plant
Lair:3 corrupted
Lair:5 corrupted, exclusion: orange crystal statue
Orc:1 corrupted
Orc:2 corrupted
Abyss:1 Grinder


Innate Abilities, Weirdness & Mutations

You are too large for most types of armour.
You have claws for hands.
Your natural rate of healing is unusually fast.
You are covered in fur. (AC +1)
You have tough skin. (AC +1)


Message History

The centaur warrior unwields a +0 longbow.
You block the centaur warrior's attack. x2
You mangle the centaur warrior!!
The centaur warrior is moderately wounded.
The centaur warrior hits you!
The centaur warrior kicks you but does no damage.
You eviscerate the centaur warrior!!!
You kill the centaur warrior!
Lugonu accepts your kill.
Agnes says, "You dishonour your ancestors."
Things that are here:
a +0 longbow; a centaur corpse Agnes hits you with a +0 antimagic lajatang!!
You feel your power leaking away.
You mangle Agnes!!
Agnes is severely wounded.
Agnes hits you with a +0 antimagic lajatang!!
* * * LOW HITPOINT WARNING * * *
You feel your power leaking away. You block Agnes's attack.
You feel much better.
Agnes hits you with a +0 antimagic lajatang!
You feel your power leaking away.
Okay, then.
You closely miss Agnes.
Agnes is severely wounded.
Agnes hits you with a +0 antimagic lajatang!!
* * * LOW HITPOINT WARNING * * *
You feel your power leaking away. Agnes closely misses you.
You mangle Agnes!!
Agnes is almost dead.
Agnes hits you with a +0 antimagic lajatang.
* * * LOW HITPOINT WARNING * * *
You completely miss Agnes.
Agnes is almost dead.
Agnes hits you with a +0 antimagic lajatang!
* * * LOW HITPOINT WARNING * * *
Agnes hits you with a +0 antimagic lajatang!
You die...

.....##...#......#..#...#.....#..
#....##...#...#...............#..
................###......>.#..#..
..############### #....#.........
#.# .....###.........##### #.#
#.....#.....#.......# ..#
#.........###....#.# .##
#.........# #....# # .# #
###@....### ###....# .# #.
##i..## ##...# .# #.( ###..#..#
#..### .# #c.. #...###...# .....
.# #.... ##.### ##.# ..... .#
#.....#..# ..# ...#. .#
#....(..## .. ...#. .# #.#....##
#. .# #...... #.


You could see Agnes.

Vanquished Creatures
  Gastronok (D:11)
  Snorg (D:11)
  2 vault guards (D:13)
  A hydra (Lair:6)
  2 boulder beetles
  An ogre mage (Orc:2)
  2 catoblepae (Lair:4)
  2 centaur warriors
  A death knight (D:12)
  Erica (D:8)
  5 two-headed ogres
  A tengu warrior (D:12)
  2 thrashing horrors (Lair:6)
  A deep troll (Orc:2)
  A wizard (D:14)
  A deep elf pyromancer (D:13)
  6 ugly things
  4 manticores
  An orc sorcerer (Orc:1)
  6 cyclopes
  4 elephants (Lair:6)
  A black mamba (shapeshifter) (D:13)
  An ice statue (D:12)
  2 black mambas (Lair:6)
  3 smoke demons (Lair:6)
  12 cane toads
  2 gargoyles
  2 kobold demonologists
  5 komodo dragons
  A rime drake (Lair:4)
  A tengu conjurer (D:12)
  9 trolls
  2 polar bears
  2 ancient zymes (Lair:6)
  A hornet (D:8)
  29 blink frogs
  6 slime creatures (D:12)
  Sigmund (D:4)
  4 wraiths
  2 ynoxinuls (Lair:6)
  4 shadows
  A vampire (D:11)
  48 yaks
  2 spriggans (Lair:6)
  5 wyverns
  Grum (D:11)
  Eustachio (D:6)
  3 large abominations (Lair:6)
  8 humans
  2 basilisks
  A steam dragon (D:10)
  12 vampire mosquitoes
  Edmund (D:4)
  2 acid dragons
  2 wargs
  A sky beast (D:6)
  12 water moccasins
  15 orc warriors
  2 ice beasts
  2 black bears
  22 ogres
  11 wolves
  3 centaurs (Lair:4)
  Blork the orc (D:4)
  10 bullfrogs
  7 kobold brigands
  A gnoll sergeant (D:5)
  3 necrophages
  3 scorpions
  5 wights (D:10)
  34 killer bees
  An electric eel (Lair:4)
  5 howler monkeys
  A hound (shapeshifter) (Lair:6)
  9 orc priests
  2 hounds (D:5)
  5 jellies (Lair:5)
  3 iguanas
  16 orc wizards
  6 small abominations (Lair:6)
  9 gnolls
  7 adders
  An ufetubus (D:5)
  2 worms
  3 dart slugs
  48 orcs
  5 bat skeletons (D:5)
  10 endoplasms
  4 giant cockroaches
  5 goblins
  8 hobgoblins
  7 jackals
  5 quokkas
  5 ball pythons
  10 bats
  A frilled lizard (D:3)
  18 kobolds
  2 rats (D:2)
555 creatures vanquished.

Vanquished Creatures (others)
  2 orc warlords (Orc:2)
  A vault guard (D:13)
  A hydra (Lair:5)
  7 death yaks
  A two-headed ogre (Orc:2)
  An orc high priest (Orc:1)
  2 orc knights (Orc:2)
  2 orc sorcerers (Orc:2)
  5 elephants (Lair:5)
  A torpor snail (Lair:5)
  4 cane toads
  5 komodo dragons
  A rime drake (Lair:5)
  A queen bee (Lair:2)
  A polar bear (Lair:5)
  4 trolls (Orc:2)
  12 blink frogs
  A human (D:13)
  4 wargs
  9 water moccasins
  12 orc warriors
  4 ogres (Orc:2)
  6 wolves (Lair:3)
  A bullfrog (Lair:5)
  7 killer bees (Lair:2)
  2 orc priests (Orc:2)
  5 orc wizards
  18 orcs
  A bush (Lair:2)
  55 fungi
  88 plants
  15 starspawn tentacles
279 creatures vanquished.

Grand Total: 834 creatures vanquished

Notes
Turn   | Place    | Note
-------+----------+-------------------------------------------
     0 | Abyss:1  | dolemite99 the Troll Abyssal Knight began the quest for the
                  | Orb.
     0 | Abyss:1  | Reached XP level 1. HP: 22/22 MP: 1/1
    43 | Abyss:1  | Noticed a sixfirhy
    45 | D:1      | Escaped the Abyss
   267 | D:1      | Reached XP level 2. HP: 29/29 MP: 2/2
   296 | D:1      | Found a faded altar of an unknown god.
   664 | D:2      | Reached XP level 3. HP: 34/36 MP: 3/3
   683 | D:2      | Reached XP level 4. HP: 41/44 MP: 4/4
  1379 | D:3      | Found Qiohozo's Antique Weapon Shoppe.
  1382 | D:3      | Found a hide-covered altar of Uskayaw.
  1531 | D:3      | Reached *** piety under Lugonu
  1912 | D:4      | Noticed Sigmund
  1955 | D:4      | Noticed Blork the orc
  1965 | D:4      | Killed Blork the orc
  1966 | D:4      | Reached XP level 5. HP: 36/50 MP: 6/6
  2083 | D:4      | Noticed an ogre
  2090 | D:4      | Killed an ogre
  2091 | D:4      | Reached skill level 5 in Unarmed Combat
  2091 | D:4      | Reached XP level 6. HP: 37/59 MP: 7/7
  2346 | D:4      | Found a radiant altar of Vehumet.
  2366 | D:4      | Killed Sigmund
  2408 | D:4      | Reached XP level 7. HP: 66/66 MP: 9/9
  2809 | D:4      | Noticed Edmund
  2827 | D:4      | Killed Edmund
  2828 | D:4      | Reached skill level 5 in Invocations
  3294 | D:5      | Entered Level 5 of the Dungeon
  3296 | D:5      | Noticed a wraith
  3309 | D:5      | Killed a wraith
  3438 | D:5      | Noticed Grinder
  3445 | D:5      | Paralysed by Grinder for 5 turns
  3450 | D:5      | Banished Grinder
  3451 | D:5      | Reached XP level 8. HP: 31/74 MP: 6/11
  3496 | D:5      | Found a staircase to the Ecumenical Temple.
  3616 | D:5      | Found an ancient bone altar of Kikubaaqudgha.
  3905 | D:6      | Reached **** piety under Lugonu
  4626 | D:5      | HP: 2/74 [orc priest/nerve-wracking pain (14)]
  5008 | D:6      | Noticed Eustachio
  5327 | D:6      | Reached XP level 9. HP: 80/80 MP: 13/13
  5415 | D:6      | Killed Eustachio
  5752 | D:7      | Reached skill level 1 in Shields
  5868 | D:7      | Found an iron altar of Okawaru.
  6093 | D:7      | Found an opulent altar of Gozag.
  6281 | D:7      | Found a burning altar of Makhleb.
  6281 | D:7      | Found a bloodstained altar of Trog.
  6498 | D:7      | Reached skill level 5 in Shields
  6689 | D:8      | Found a broken altar of Ashenzari.
  6689 | D:8      | Found a faded altar of an unknown god.
  6697 | D:8      | Found a glowing golden altar of the Shining One.
  6699 | D:8      | Found a sacrificial altar of Ru.
  6700 | D:8      | Found a faded altar of an unknown god.
  7181 | D:8      | Noticed Erica
  7406 | D:8      | Killed Erica
  7407 | D:8      | Reached XP level 10. HP: 79/88 MP: 3/14
  7868 | D:8      | Found a sparkling altar of Nemelex Xobeh.
  8183 | D:8      | Found Okhlyg's Lightly-Used Armoury.
  8189 | D:8      | Found Raloutael's Antique Weapon Shoppe.
  9055 | D:9      | Noticed a two-headed ogre
  9056 | D:9      | Banished a two-headed ogre
  9167 | D:9      | Found a stormy altar of Qazlal.
  9211 | D:9      | Reached skill level 5 in Fighting
  9777 | D:10     | Entered Level 10 of the Dungeon
  9777 | D:10     | Found a white marble altar of Elyvilon.
 10207 | D:10     | Reached XP level 11. HP: 102/109 MP: 15/15
 10716 | D:10     | Reached skill level 1 in Throwing
 11134 | D:11     | Noticed Grum
 11767 | D:11     | Noticed Snorg
 11779 | D:11     | Killed Snorg
 11844 | D:11     | Noticed Gastronok
 11866 | D:11     | Killed Gastronok
 12158 | D:11     | Reached skill level 5 in Throwing
 12309 | D:11     | Killed Grum
 12408 | D:11     | Noticed a two-headed ogre
 12413 | D:11     | Killed a two-headed ogre
 12414 | D:11     | Reached XP level 12. HP: 116/118 MP: 18/18
 12593 | D:11     | Found a staircase to the Lair.
 12597 | Lair:1   | Entered Level 1 of the Lair of Beasts
 12675 | Lair:1   | Reached skill level 10 in Invocations
 12911 | Lair:1   | Reached skill level 1 in Evocations
 13614 | Lair:2   | Reached ***** piety under Lugonu
 13838 | Lair:2   | Corrupted Lair:2
 13838 | Lair:2   | Noticed a starcursed mass
 13840 | Lair:2   | Noticed a white draconian
 13841 | Lair:2   | Noticed a white very ugly thing
 13841 | Lair:2   | Noticed a starcursed mass
 14720 | Lair:3   | Noticed a death yak
 14721 | Lair:3   | Noticed a death yak
 14722 | Lair:3   | Noticed a death yak
 14733 | Lair:3   | Corrupted Lair:3
 14733 | Lair:3   | Noticed a starcursed mass
 14733 | Lair:3   | Noticed a death yak
 14737 | Lair:3   | Noticed a tentacled starspawn
 14738 | Lair:3   | Killed a death yak
 14742 | Lair:3   | Killed a death yak
 14742 | Lair:3   | Killed a death yak
 14745 | Lair:3   | Killed a death yak
 14753 | Lair:3   | Killed a death yak
 14754 | Lair:3   | Killed a death yak
 14846 | Lair:3   | Noticed a seven-headed hydra
 14850 | Lair:3   | Banished a seven-headed hydra
 15030 | Lair:3   | Found a staircase to the Snake Pit.
 15179 | Lair:3   | Reached skill level 5 in Evocations
 15929 | Lair:4   | Noticed a boulder beetle
 15931 | Lair:4   | Banished a boulder beetle
 16044 | Lair:4   | Found a staircase to the Shoals.
 16087 | Lair:4   | Found a shimmering altar of Xom.
 16178 | Lair:4   | Noticed a catoblepas
 16178 | Lair:4   | Noticed a catoblepas
 16284 | Lair:4   | Killed a catoblepas
 16314 | Lair:4   | Reached XP level 13. HP: 125/127 MP: 19/19
 16878 | Lair:5   | Corrupted Lair:5
 16878 | Lair:5   | Noticed a bone dragon
 16878 | Lair:5   | Noticed a starcursed mass
 16890 | Lair:5   | Noticed a starcursed mass
 16982 | Lair:5   | Noticed an ancient lich
 17428 | Lair:5   | Found a staircase to the Slime Pits.
 17621 | Lair:6   | Entered Level 6 of the Lair of Beasts
 18474 | Lair:6   | Noticed Sonja
 18475 | Lair:6   | Noticed Sonja
 18475 | Lair:6   | Sonja changed into Sonja the basilisk
 18493 | Lair:6   | Killed Sonja the basilisk
 18804 | Lair:6   | Reached skill level 1 in Armour
 19740 | Lair:6   | Cast into level 1 of the Abyss (spriggan)
 19741 | Lair:6   | Escaped the Abyss
 20059 | Lair:6   | Reached skill level 5 in Armour
 20904 | Lair:6   | Reached XP level 14. HP: 76/140 MP: 15/20
 20989 | Lair:6   | Found a corrupted altar of Lugonu.
 20989 | Lair:6   | Found a one-way gate to the infinite horrors of the Abyss.
 21036 | Lair:6   | Got the Compendium of the Creative Frostbite
 21493 | D:12     | Found a staircase to the Orcish Mines.
 21493 | D:12     | Found Miekhuse's Armour Emporium.
 22028 | D:12     | You fall into a shaft and drop 1 floor!
 22312 | D:13     | Reached skill level 10 in Unarmed Combat
 22617 | Orc:1    | Entered Level 1 of the Orcish Mines
 22756 | Orc:2    | Entered Level 2 of the Orcish Mines
 22756 | Orc:2    | Noticed an orc warlord
 22767 | Orc:1    | Banished an orc warlord
 23082 | Orc:1    | Paralysed by an orc sorcerer for 5 turns
 23350 | Orc:1    | Corrupted Orc:1
 23350 | Orc:1    | Noticed a tentacled starspawn
 23350 | Orc:1    | Noticed a purple very ugly thing
 23351 | Orc:1    | Noticed a starcursed mass
 23353 | Orc:1    | Noticed a bone dragon
 23353 | Orc:1    | Noticed a cacodemon
 23353 | Orc:1    | Noticed a cacodemon
 23676 | Orc:2    | Found a staircase to the Elven Halls.
 25015 | Orc:2    | Found Pytt's Weapon Shoppe.
 25020 | Orc:2    | Found Orghyl Siro's Jewellery Emporium.
 25245 | Orc:2    | Noticed an orc warlord
 25247 | Orc:2    | Corrupted Orc:2
 25247 | Orc:2    | Noticed a balrug
 25247 | Orc:2    | Noticed a tentacled starspawn
 25249 | Orc:2    | Noticed a starcursed mass
 25257 | Orc:2    | Killed an orc warlord
 25268 | Orc:2    | Killed an orc warlord
 25288 | Orc:2    | Noticed a tentacled starspawn
 25692 | Orc:2    | Got the Guide on Dusty Moulding
 25693 | Orc:2    | Identified the +1 cloak of Ysiwemu {Int+2}
 25695 | Orc:2    | Identified the +0 hat of Whack-A-Mole {rF+ SInv}
 25831 | Orc:2    | Found Ceack's Jewellery Boutique.
 25841 | Orc:2    | Found Vosyug's General Store.
 25867 | Orc:2    | Bought a ring of willpower for 375 gold pieces
 25926 | Orc:2    | Bought 2 potions of heal wounds for 180 gold pieces
 25932 | Orc:2    | Bought a ring of resist corrosion for 320 gold pieces
 25948 | Orc:2    | Bought 5 datura-tipped darts for 28 gold pieces
 25948 | Orc:2    | Bought 3 atropa-tipped darts for 25 gold pieces
 25948 | Orc:2    | Bought 4 atropa-tipped darts for 33 gold pieces
 27529 | D:13     | Reached XP level 15. HP: 146/146 MP: 23/23
 27966 | D:13     | Found a gate to the Vaults.
 28271 | Orc:2    | Bought a +4 ring of evasion for 540 gold pieces
 28667 | D:14     | Noticed Frances
 29258 | D:14     | Noticed Agnes
 29290 | D:14     | Slain by Agnes

Illustrated notes

Levels and vault maps discovered:
D:1:      lightli_arrival_chessboard, layout_rooms,
          hellmonk_ecumenical_altar_blasted, minmay_misc_feat_five,
          nrook_mini_backslash, chequers_garden
D:2:      layout_loops_cross
D:3:      layout_loops_ring, mainiacjoe_overflow_boulevard, serial_shops, shop,
          hex_tiny
D:4:      layout_loops_ring, mainiacjoe_overflow_small_starburst,
          roderic_batcave, sigmund_army, uniq_edmund, uniq_sigmund,
          uniq_blork_the_orc
D:5:      layout_cave_pools, kennysheep_vampire_church, temple_doors_ab,
          uniq_grinder
D:6:      layout_rooms, uniq_eustachio
D:7:      layout_loops_ring, mainiacjoe_overflow_paths,
          gammafunk_temple_overflow_elements, okawaru_metal_pillars_1_2
D:8:      layout_loops_ring, nemelex_diamond_rough_becter,
          chequers_temple_overflow_minitemple, serial_shops, shop,
          minmay_shop_damaged, uniq_erica
D:9:      layout_loops_ring, mainiacjoe_overflow_six_doors_small
D:10:     layout_loops_ring, amcnicky_altar_gilded, serial_aquarium,
          aquarium_bridge_square [aquarium_subvault_wall,
          aquarium_subvault_wall, aquarium_subvault_bridge,
          aquarium_subvault_bridge], aquarium_window_2, aquarium_window_fake,
          aquarium_view_2e, aquarium_balcony_5b, aquarium_pool_2
D:11:     layout_roguey, lair_entry_dummy, uniq_gastronok, uniq_snorg, uniq_grum
D:12:     lemuel_ice_statue, layout_basic, orc_david_3
D:13:     layout_basic, ximxim_vaults_locker_room
D:14:     layout_stronghold, roderic_lattice_octagonal_star, uniq_frances,
          uniq_agnes
Lair:1:   layout_loops_ring
Lair:2:   layout_roguey [special_room_bee], special_room,
          minmay_lair_oklob_bushes, minmay_stone_trees_small
Lair:3:   layout_regular_city, dummy_snake_entry, serial_bayou_lagoon_a,
          serial_bayou_shore_b
Lair:4:   nzn_motion_control, layout_regular_city, minmay_shoals_entry_centaurs,
          basic_altar, cheibrodos_lair_caveside_slide, nzn_sisyphean_effort,
          serial_bayou_shore_a, lemuel_fruit_fields
Lair:5:   layout_regular_city, nicolae_slime_entry_slimehenge, disabler_island,
          grunt_megastairs_2, lemuel_fruit_tree
Lair:6:   hellmonk_lair_end_abyssal_woods, layout_concentric_octagons,
          uniq_sonja
Orc:1:    layout_caves, guppyfry_library_mini
Orc:2:    st_orc_open, layout_diamond_mine, minmay_orc_treasury

Skill      XL: |  1  2  3  4  5  6  7  8  9 10 11 12 13 14 15 |
---------------+----------------------------------------------+-----
Invocations    | 2 3 4 6 7 9 10 12 | 12.4
Unarmed Combat | 3 4 5 7 8 9 12 | 12.0
Shields        | 7 8 |  8.6
Fighting       | 7 8 9 |  9.3
Dodging        | 4 |  4.0
Throwing       | 5 6 8 |  8.1
Evocations     | 7 |  7.0
Armour         | 6 7 |  7.3

Action                   |  1- 3 |  4- 6 |  7- 9 | 10-12 | 13-15 || total
-------------------------+-------+-------+-------+-------+-------++-------
Melee: Unarmed           |    61 |   115 |   258 |   688 |   962 ||  2084
       Punch             |     2 |     1 |     7 |       |       ||    10
Throw: Boomerang         |       |       |       |    67 |    66 ||   133
       Javelin           |       |       |       |    19 |    14 ||    33
       Dart              |       |       |       |    10 |    15 ||    25
       Large rock        |       |       |       |       |    75 ||    75
       Stone             |       |       |       |       |    29 ||    29
Invok: Depart the Abyss  |     1 |       |       |       |     1 ||     2
       Banish            |       |       |     6 |     6 |    30 ||    42
       Corrupt           |       |       |       |     2 |     3 ||     5
       Bend Space        |       |       |       |     1 |     3 ||     4
Evoke: Wand              |       |       |     3 |    17 |    23 ||    43
  Use: Scroll            |       |     2 |     8 |    10 |    15 ||    35
       Potion            |       |       |     5 |     3 |    11 ||    19
 Stab: Sleeping          |       |       |       |     1 |     2 ||     3
       Paralysed         |       |       |       |       |     3 ||     3
Armor: Robe              |    26 |    55 |    86 |    20 |       ||   187
       Troll leather arm |       |       |       |   136 |    76 ||   212
       Shadow dragon sca |       |       |       |       |   404 ||   404
Dodge: Dodged            |    32 |    69 |   170 |   268 |   372 ||   911
Block: Kite shield       |       |       |    26 |   385 |   604 ||  1015

Table legend: (Time is in decaauts)
 A = Elapsed time spent in this place.
 B = Non-inter-level travel time spent in this place.
 C = Inter-level travel time spent in this place.
 D = Time resting spent in this place.
 E = Time spent auto-exploring this place.
 F = Levels seen in this place.
 G = Mean time per level.
                   A        B        C        D        E       F      G
               +--------+--------+--------+--------+--------+-----+--------+
         Total |  29266 |  28081 |   1185 |   9511 |  11993 |  24 | 1219.4 |
       Dungeon |  16976 |  16405 |    571 |   5872 |   7309 |  14 | 1212.6 |
          Lair |   8586 |   8326 |    260 |   2473 |   3704 |   6 | 1431.0 |
  Orcish Mines |   3658 |   3305 |    353 |   1166 |    936 |   2 | 1829.0 |
         Abyss |     45 |     45 |      0 |      0 |     43 |   2 |   22.5 |
               +--------+--------+--------+--------+--------+-----+--------+

Top non-repeatable levels by time:
  Lair:6: 3155 daAuts
     D:8: 1969 daAuts
   Orc:2: 1926 daAuts
    D:12: 1873 daAuts
    D:13: 1805 daAuts
   Orc:1: 1731 daAuts
     D:5: 1705 daAuts
    D:10: 1638 daAuts
     D:4: 1469 daAuts
  Lair:4: 1246 daAuts
    D:11: 1223 daAuts
  Lair:2: 1211 daAuts
     D:9: 1176 daAuts
  Lair:5: 1076 daAuts
  Lair:3: 968 daAuts
